 Dungeon Crawl Stone Soup version 0.21.1-1-g345015f (webtiles) character file.

210 Fang the Skirmisher (level 5, -1/34 HPs)
             Began as a Gargoyle Berserker on May 25, 2018.
             Was a Believer of Trog.
             Slain by a gnoll
             ... wielding a +2 spear of venom
              (7 damage)
             ... on level 3 of the Dungeon.
             The game lasted 00:01:44 (1732 turns).

Fang the Skirmisher (Gargoyle Berserker)            Turns: 1732, Time: 00:01:45

Health: -1/34      AC: 11    Str: 22    XL:     5   Next: 87%
Magic:  5/5        EV: 12    Int:  7    God:    Trog [**....]
Gold:   166        SH:  0    Dex:  9    Spells: 4/4 levels left

rFire    . . .     SeeInvis .   a - +0 hand axe
rCold    . . .     Gourm    .   (no shield)
rNeg     + . .     Faith    .   b - +0 animal skin
rPois    ∞         Spirit   .   l - +2 hat
rElec    +         Reflect  .   (no cloak)
rCorr    .         Harm     .   h - +2 pair of gloves
MR       +....                  (no boots)
Stlth    +.........             (no amulet)
HPRegen  0.11/turn              g - ring of protection from magic
MPRegen  0.09/turn              (no ring)

@: berserk cooldown, slowed, very slow
A: negative energy resistance 1, electricity resistance, unbreathing,
petrification resistance, rot immunity, AC +4
a: Berserk, Trog's Hand, Burn Spellbooks, Renounce Religion


You were on level 3 of the Dungeon.
You worshipped Trog.
Trog was pleased with you.
You were not hungry.

You visited 1 branch of the dungeon, and saw 3 of its levels.

You collected 166 gold pieces.

Inventory:

Hand Weapons
 a - a +0 hand axe (weapon)
Armour
 b - a +0 animal skin (worn)
 h - a +2 pair of gloves (worn)
 l - a +2 hat (worn)
Jewellery
 g - a ring of protection from magic (left hand)
 j - a cursed ring of teleportation {unknown}
Scrolls
 d - a scroll of identify {unknown}
 e - a scroll of amnesia {unknown}
 i - a scroll of teleportation {unknown}
 n - 2 scrolls of fog {unknown}
 p - a scroll of remove curse {unknown}
Potions
 f - a potion of flight {unknown}
 k - 2 potions of curing {unknown}
 m - 2 potions of brilliance {unknown}
 o - a potion of cancellation {unknown}


   Skills:
 + Level 4.4 Fighting
 + Level 4.3 Axes
 + Level 2.2 Armour
 + Level 2.8 Dodging
 + Level 0.7 Stealth


You had 4 spell levels left.
You didn't know any spells.

Dungeon Overview and Level Annotations

Branches:
Dungeon (3/15)

Altars:
Cheibriados


Innate Abilities, Weirdness & Mutations

You are resistant to torment.
Your stone body is resilient. (AC +4)
You are immune to poison.
You resist negative energy. (rN+)
You are resistant to electric shocks. (rElec)
You can survive without breathing.
You are immune to petrification.
You are immune to rotting.


Message History

Trog accepts your kill.
The orc priest mumbles some strange prayers to Beogh against you.
Pain shoots through your body!
* * * LOW HITPOINT WARNING * * *
The gnoll barely misses you.
The orc priest hits you with a hand axe.
* * * LOW HITPOINT WARNING * * *
The gnoll misses you. The gnoll hits you but does no damage.
Items here: ))) †† a club; a hand axe; a club; a gnoll corpse; an orc corpse You closely miss the orc priest.
You barely miss the gnoll.
You are no longer berserk.
You are exhausted.
You feel yourself slow down.
Unknown command.
You barely miss the orc priest. You closely miss the gnoll.
The gnoll hits you but does no damage. x2; The orc priest barely misses you.
The gnoll barely misses you.
The gnoll hits you from afar with a spear of venom!
You die...

#.####.#.##....
#.............#
#####..###....#.#.#
#...#..# ###### #
#......# #...####
##.## #.# #@# #.go#
#...gg #.......
#.........
#...<......
#.........##
##.......##


You could see an orc priest and 3 gnolls.

Vanquished Creatures
  An ogre (D:3)
  A crimson imp (D:3)
  An orc priest (D:3)
  A gnoll (D:3)
  2 dart slugs
  3 leopard geckos
  4 orcs (D:3)
  5 bats
  5 giant cockroaches
  3 hobgoblins
  3 jackals (D:1)
  2 kobolds (D:1)
  4 frilled lizards
  5 goblins
  4 rats
44 creatures vanquished.

Notes
Turn   | Place    | Note
-------+----------+-------------------------------------------
     0 | D:1      | Fang the Gargoyle Berserker began the quest for the Orb.
     0 | D:1      | Reached XP level 1. HP: 14/14 MP: 1/1
   126 | D:1      | Reached XP level 2. HP: 19/19 MP: 2/2
   450 | D:1      | Reached XP level 3. HP: 24/24 MP: 3/3
   462 | D:1      | Reached ** piety under Trog
   876 | D:2      | Found a snail-covered altar of Cheibriados.
  1239 | D:3      | Reached XP level 4. HP: 27/29 MP: 4/4
  1304 | D:3      | Noticed an ogre
  1314 | D:3      | Killed an ogre
  1314 | D:3      | Reached XP level 5. HP: 18/33 MP: 5/5
  1732 | D:3      | Slain by a gnoll

Skill      XL: |  1  2  3  4 |
---------------+-------------+-----
Axes           | 3 4 |  4.3
Fighting       | 4 |  4.4
Dodging        | 2 |  2.8
Armour         | |  2.2
Stealth        | |  0.7

Action                   |  1- 3 |  4- 6 || total
-------------------------+-------+-------++-------
Melee: Hand axe          |   126 |    46 ||   172
Invok: Berserk           |       |     2 ||     2
  Eat: Chunk             |     1 |       ||     1
       Ration            |       |     1 ||     1
Armor: Animal skin       |    50 |    14 ||    64
Dodge: Dodged            |    93 |    27 ||   120
